AoeStats
← [zWq]Ferdinand Von Lindemann

Nomad

509519546Analyzed
3v3 RM · 6d ago on Sep 27, 2026· 43m 59s· 6 players
Game mode
Random Map
Map size
210×210
Population
200
Speed
Normal
Resources
Standard
Victory
Conquest
Starting age
Dark Age
Ending age
Imperial Age
RankedLock teamsTeams togetherTeam positionsShared explorationLock speedFull tech treeHidden civsTurbo modeCheats
Victory
Defeat
🇨🇦 Danes · Canada
1636
+10
🇳🇿 Aztecs · New Zealand
1408
+19
🇮🇳 Huns · India
1299
+24
🇨🇱 Persians · Chile
1544
-20
🇩🇴 Portuguese · Dominican Republic
1482
-18
1418
-15
Malcolm Little
5:05 Loom
13:48 Feudal Age
16:40 Town Watch
20:37 Castle Age
20:30 Double-Bit Axe
20:37 Fletching
20:44 Stone Mining
31:08 Wheelbarrow
31:00 Gold Mining
33:44 Bow Saw
34:02 Bodkin Arrow
36:26 Hand Cart
41:09 Imperial Age
42:10 Gambesons
42:11 Arson
41:47 Man-at-Arms
yinyangwar
5:13 Loom
12:03 Feudal Age
13:02 Double-Bit Axe
15:19 Town Watch
18:11 Fletching
21:59 Castle Age
19:40 Horse Collar
22:05 Gold Mining
22:38 Medium Warships
22:26 Bodkin Arrow
23:09 Bloodlines
22:59 Husbandry
25:32 Scale Barding Armor
31:53 Heavy Plow
33:19 Wheelbarrow
34:44 Forging
35:47 Chain Barding Armor
36:18 Hand Cart
41:53 Imperial Age
40:51 Iron Casting
41:10 Light Cavalry
43:15 Blast Furnace
42:59 Plate Barding Armor
41:45 Cavalier
[zWq]Ferdinand Von Lindemann
7:26 Loom
12:43 Feudal Age
13:21 Double-Bit Axe
13:18 Horse Collar
16:49 Wheelbarrow
19:18 Town Watch
22:24 Castle Age
22:09 Forging
27:06 Bow Saw
30:09 Scale Barding Armor
ノルフ
5:26 Loom
13:17 Feudal Age
17:15 Castle Age
16:01 Fishing Lines
17:30 Double-Bit Axe
18:45 Forging
18:36 Scale Mail Armor
22:00 Chain Mail Armor
26:23 Squires
26:09 Gambesons
30:40 Fletching
35:57 Imperial Age
34:47 Bow Saw
35:12 Arson
40:22 Plate Mail Armor
IsBliss
6:38 Loom
6:45 Loom
12:50 Feudal Age
13:27 Double-Bit Axe
17:24 Wheelbarrow
17:03 Fletching
23:42 Castle Age
23:54 Scale Mail Armor
24:19 Bodkin Arrow
24:36 Medium Warships
25:40 Hand Cart
26:36 Chain Mail Armor
26:26 Fishing Lines
26:23 Eagle Warrior
29:52 Pikeman
32:19 Guard Tower
33:19 Horse Collar
33:58 Careening
34:04 Forging
37:09 Iron Casting
36:40 Squires
38:02 Sanctity
39:45 Fervor
41:17 Heavy Plow
41:58 Atonement
VedtheAssasin
13:55 Feudal Age
14:18 Loom
18:25 Castle Age
18:25 Double-Bit Axe
18:44 Fletching
18:57 Gold Mining
20:06 Bow Saw
19:48 Horse Collar
21:44 Padded Archer Armor
24:11 Bodkin Arrow
27:19 Bloodlines
31:42 Ballistics
33:54 Wheelbarrow
40:40 Imperial Age
38:27 Hand Cart
39:01 Stone Mining
39:43 Scale Barding Armor
40:44 Forging
40:51 Cavalier
44:21 Husbandry
44:43 Chain Barding Armor
Connection lost

Rejoining the realm…

Still unreachable

The connection could not be restored.

Session expired

The server has moved on; the page needs a fresh start.